AoeStats
← Manectric

Team Islands

503692657Analyzed
2v2 RM · 1mo ago on Sep 1, 2026· 48m 23s· 4 players
Game mode
Random Map
Map size
185×185
Population
200
Speed
Normal
Resources
Standard
Victory
Conquest
Starting age
Dark Age
Ending age
Imperial Age
RankedLock teamsTeams togetherTeam positionsShared explorationLock speedFull tech treeHidden civsTurbo modeCheats
Victory
Defeat
🇵🇪 Lithuanians · Peru
1385
+11
🇵🇪 Dravidians · Peru
1217
+19
🇨🇭 Saracens · Switzerland
1279
-15
🇨🇭 Koreans · Switzerland
1278
-15
SirTimotheus
9:52 Loom
11:52 Feudal Age
16:14 Castle Age
15:38 Scale Mail Armor
16:23 Forging
17:10 Medium Warships
17:44 Double-Bit Axe
18:46 Scale Barding Armor
20:11 Bloodlines
19:45 Horse Collar
19:57 Town Watch
27:37 Wheelbarrow
27:43 Husbandry
30:02 Chain Barding Armor
30:27 Clinker Construction
33:05 Iron Casting
33:26 Ballistics
34:45 Gold Mining
35:49 Careening
36:18 Bow Saw
38:13 Heavy Plow
39:01 Fletching
42:06 Imperial Age
39:47 Stone Mining
39:57 Bodkin Arrow
42:28 Gold Shaft Mining
44:19 Chemistry
43:42 Dry Dock
43:36 Bracer
44:53 Heavy Warships
44:55 Hand Cart
46:23 Conscription
47:41 Carvel Hull
47:30 Light Cavalry
48:29 Town Patrol
FreshDumbledore
9:46 Loom
11:57 Feudal Age
16:24 Castle Age
15:42 Double-Bit Axe
15:40 Fishing Lines
16:26 Horse Collar
17:47 Bow Saw
17:45 Gillnets
25:05 Fletching
25:54 Wheelbarrow
26:21 Heavy Plow
31:32 Bodkin Arrow
34:02 Careening
37:40 Imperial Age
36:02 Ballistics
37:52 Elite Turtle Ship
38:53 Eupseong
45:53 Bracer
46:26 Elite Skirmisher
47:14 Thumb Ring
48:45 Two-Man Saw
Manectric
7:28 Loom
9:47 Feudal Age
10:47 Double-Bit Axe
15:22 Forging
18:29 Wheelbarrow
20:29 Castle Age
19:48 Fletching
21:38 Bloodlines
22:04 Bodkin Arrow
22:19 Husbandry
23:29 Ballistics
23:01 Gold Mining
24:03 Bow Saw
25:36 Padded Archer Armor
28:53 Medium Warships
29:29 Hand Cart
29:00 Town Watch
31:23 Thumb Ring
33:01 Leather Archer Armor
32:42 Stone Mining
33:50 Clinker Construction
37:44 Imperial Age
35:06 Pikeman
36:02 Squires
36:10 Elite Skirmisher
38:02 Scale Mail Armor
38:27 Bracer
39:34 Horse Collar
40:57 Ring Archer Armor
42:04 Scale Barding Armor
43:00 Stone Shaft Mining
43:25 Chain Barding Armor
44:22 Chemistry
44:07 Iron Casting
43:44 Bloodlines
43:53 Tower Shields
45:25 Treadmill Crane
45:56 Masonry
46:57 Two-Man Saw
45:58 Heavy Plow
46:55 Plate Barding Armor
46:34 Elite Leitis
Sukita
11:32 Feudal Age
13:44 Loom
16:26 Castle Age
15:15 Fletching
15:44 Double-Bit Axe
17:33 Bodkin Arrow
17:55 Medium Warships
24:01 Wheelbarrow
25:37 Bow Saw
29:31 Careening
35:17 Hand Cart
35:08 Fishing Lines
38:02 Gillnets
38:41 Horse Collar
41:55 Imperial Age
43:13 Dry Dock
43:20 Shipwright
43:16 Clinker Construction
43:31 Ballistics
44:18 Heavy Warships
44:52 Bracer
Connection lost

Rejoining the realm…

Still unreachable

The connection could not be restored.

Session expired

The server has moved on; the page needs a fresh start.